 Dungeon Crawl Stone Soup version 0.31-a0-217-g58bb5d79cf (webtiles) character file.

Game seed: 7368300631550888061

9385 ketsa the Basher (level 11, -4/73 HPs)
             Began as a Gargoyle Monk on July 2, 2023.
             Was an Initiate of Gozag.
             Slain by Snorg (15 damage)
             ... on level 11 of the Dungeon.
             The game lasted 00:38:55 (10509 turns).

ketsa the Basher (Gargoyle Monk)                   Turns: 10509, Time: 00:38:56

Health: -4/73      AC: 21    Str: 19    XL:     11   Next: 45%
Magic:  11/11      EV:  9    Int: 11    God:    Gozag
Gold:   1915       SH:  0    Dex: 12    Spells: 10/10 levels left

rFire   . . .        U - +3 whip
rCold   . . .        d - orb {light}
rNeg    + . .        T - +1 chain mail {Will+}
rPois   ∞            (no helmet)
rElec   +            g - +0 cloak
rCorr   +            (no gloves)
SInv    .            (no boots)
Will    +....        q - amulet of regeneration Stlth
                     m - ring of resist corrosion
HPRegen 1.12/turn    n - +4 ring of slaying
MPRegen 0.12/turn

%: no passive effects
@: hasted, glowing, very quick
A: sickness immunity, AC +8, negative energy resistance 1, electricity
resistance, torment resistance 1, petrification resistance
a: Renounce Religion, Potion Petition, Call Merchant, Bribe Branch


You were on level 11 of the Dungeon.
You worshipped Gozag.
Gozag was most pleased with you.
You visited 3 branches of the dungeon, and saw 13 of its levels.
You also visited: Sewer.

You collected 1915 gold pieces.

Inventory:

Hand Weapons
 a - a +0 mace
 b - a +2 dire flail of protection
 s - the +6 spear "Piesoxe" {pain, rPois Int-2 Stlth+}
   (You found it on level 2 of the Dungeon)

   Int:       It affects your intelligence (-2).
   rPois:     It protects you from poison.
   Stlth:     It makes you more stealthy.
 J - a +0 flail
 U - a +3 whip (weapon)
Missiles
 y - 29 poisoned darts (quivered)
 O - 28 stones
Armour
 d - an orb of light (worn)
 g - a +0 cloak (worn)
 h - a +2 robe of fire resistance
 l - a +0 chain mail
 r - a +0 scale mail
 M - +0 steam dragon scales
 T - a +1 chain mail of willpower (worn)
 V - a +2 leather armour of cold resistance
 W - an orb of energy
Jewellery
 m - a ring of resist corrosion (left hand)
 n - a +4 ring of slaying (right hand)
 q - an amulet of regeneration (around neck)
 B - a ring of protection from fire
 C - a +6 ring of intelligence
Wands
 o - a wand of flame (58)
 w - a wand of iceblast (8)
 K - a wand of charming (10)
Scrolls
 i - 3 scrolls of fear {unknown}
 j - a scroll of blinking {unknown}
 k - 3 scrolls of teleportation
 t - 4 scrolls of immolation {unknown}
 v - a scroll of revelation {unknown}
 x - 3 scrolls of fog {unknown}
 z - a scroll of amnesia {unknown}
 A - a scroll of vulnerability {unknown}
 D - a scroll of poison {unknown}
 N - a scroll of enchant weapon {unknown}
 Q - 2 scrolls of enchant armour {unknown}
 S - 2 scrolls of identify
Potions
 c - a potion of ambrosia
 e - a potion of cancellation
 f - 7 potions of curing
 p - 3 potions of attraction
 u - 2 potions of lignification
 G - 3 potions of haste
 H - 2 potions of mutation
 I - a potion of brilliance {unknown}
 P - a potion of enlightenment {unknown}
 R - a potion of berserk rage {unknown}


   Skills:
 - Level 10.8 Fighting
 + Level 12.5 Maces & Flails
 + Level 8.7 Armour
 - Level 2.4 Dodging
 + Level 2.7 Evocations


You had 10 spell levels left.
You didn't know any spells.
Your spell library contained the following spells:

 Spells                   Type           Power      Damage    Failure   Level
 Foxfire                  Conj/Fire      0%         2x1d4     92%         1
 Slow                     Hex            0%         N/A       92%         1
 Blink                    Tloc           0%         N/A       98%         2
 Lesser Beckoning         Tloc           0%         N/A       98%         2
 Momentum Strike          Conj/Tloc      0%         3d8       98%         2
 Confusing Touch          Hex            0%         N/A       100%        3
 Gell's Gravitas          Tloc           0%         N/A       100%        3
 Ignite Poison            Fire/Tmut/Pois 0%         N/A       100%        3
 Inner Flame              Hex/Fire       0%         N/A       100%        3
 Ozocubu's Armour         Ice            0%         N/A       100%        3
 Teleport Other           Tloc           0%         N/A       100%        3
 Vampiric Draining        Necr           0%         2d6       100%        3
 Flame Wave               Conj/Fire      0%         2d4       100%        4
 Passage of Golubria      Tloc           0%         N/A       100%        4
 Sticky Flame             Conj/Fire      0%         2d3       100%        4
 Fireball                 Conj/Fire      0%         3d3       100%        5
 Freezing Cloud           Conj/Ice/Air   0%         6-21      100%        5
 Metabolic Englaciation   Hex/Ice        0%         N/A       100%        5
 Silence                  Hex/Air        0%         N/A       100%        5
 Dispersal                Tloc           0%         N/A       100%        6
 Plasma Beam              Fire/Air       0%         2x1d10    100%        6
 Starburst                Conj/Fire      0%         6d3       100%        6
 Lehudib's Crystal Spear  Conj/Erth      0%         10d2      100%        8
 Cigotuvi's Dreadful Rot  Necr/Pois/Air  Unusable   N/A       N/A         2
 Simulacrum               Ice/Necr       Unusable   N/A       N/A         6

Dungeon Overview and Level Annotations

Branches:
Dungeon (11/15)            Temple (1/1) D:6            Lair (1/5) D:9
    Orc (0/2) D:9           Sewer (visited)

Altars:
Ashenzari
Cheibriados
Dithmenos
Elyvilon
Fedhas
Gozag
Hepliaklqana
Kikubaaqudgha
Makhleb
Nemelex Xobeh
Okawaru
Qazlal
Ru
Sif Muna
Trog
Uskayaw
Vehumet
Wu Jian
Xom
Yredelemnul
Zin
The Shining One

Shops:
D:6 *

Portals:
Abyss: D:8

Annotations:
D:8 2 transporters, Koushar's ghost, novice FeTm
D:11 Snorg


Innate Abilities, Weirdness & Mutations

You are immune to sickness and miasma.
Your stone body is resilient. (AC +8)
You are immune to poison.
You resist negative energy. (rN+)
You are resistant to electric shocks. (rElec)
You are resistant to unholy torment.
You are immune to petrification.


Message History

You enter the shallow water.
Moving in this stuff is going to be slow.
Snorg the Insatiable comes into view.
Snorg shouts!
You feel yourself speed up.
Snorg goes berserk!
You barely miss Snorg. You completely miss Snorg.
Snorg bites you but does no damage. Snorg claws you! Snorg closely misses you.
You whack Snorg!
Snorg is lightly wounded.
You hit Snorg.
Snorg is lightly wounded.
Snorg bites you!! Snorg claws you! Snorg barely misses you.
You whack Snorg!
Snorg is lightly wounded.
You whack Snorg!
Snorg is moderately wounded.
Snorg closely misses you. Snorg claws you but does no damage. Snorg claws you!
You whack Snorg!
Snorg is moderately wounded.
You hit Snorg.
Snorg is moderately wounded.
Snorg bites you but does no damage. Snorg claws you. Snorg barely misses you.
You hit Snorg.
Snorg is moderately wounded.
You hit Snorg.
Snorg is heavily wounded.
Snorg bites you. Snorg claws you!
* * * LOW HITPOINT WARNING * * *
Snorg closely misses you.
You hit Snorg.
Snorg is heavily wounded.
You barely miss Snorg.
Snorg is heavily wounded.
Snorg bites you.
* * * LOW HITPOINT WARNING * * *
Snorg claws you!
You die...
Your body crumbles into a pile of gold.

#....~... #...~≈~.
########≈~≈################
........~≈≈...............#
.......≈≈≈~~......<.......#
.......~≈≈≈~..............#
.......~≈≈≈~..............#
###...#.#####...########..#
.........T@................
........####...............
..........~~≈≈≈...............
###..........~~~≈~......#########
..#..........~~≈~~..........#
..#...........≈~~...........#
..............~~~...........#
..............~≈~...........#
.§#..#### .....≈#############


You could see Snorg (berserk).

Vanquished Creatures
  A two-headed ogre (D:10)
  An ugly thing (D:10)
  A kobold demonologist (D:10)
  A rime drake (D:11)
  Maggie (D:6)
  A polar bear (D:10)
  Grinder (D:6)
  A troll (D:7)
  2 hornets
  3 wyverns (D:9)
  2 centaur simulacra (D:11)
  10 yaks
  A wraith (D:9)
  3 vampire mosquitoes (D:11)
  Menkaure (D:7)
  A steam dragon (D:8)
  A warg (D:9)
  A water moccasin (D:6)
  3 orc warriors
  3 black bears
  An ice beast (D:11)
  3 ogres
  4 centaurs
  2 phantoms
  2 kobold brigands
  A bullfrog (D:4)
  2 scorpions (D:4)
  3 wights (D:6)
  8 killer bees
  An electric eel (D:11)
  4 howler monkeys
  8 orc priests
  4 jellies
  A gnoll bouda (D:10)
  A sleepcap (D:7)
  4 iguanas
  10 orc wizards
  6 gnolls (D:10)
  5 river rats (Sewer)
  9 adders
  4 ufetubi
  2 worms
  3 dart slugs
  43 orcs
  5 bats
  5 endoplasms
  2 giant cockroaches (D:1)
  7 goblins
  10 hobgoblins
  18 ball pythons
  33 kobolds
  23 rats
273 creatures vanquished.

Notes
Turn   | Place    | Note
-------+----------+-------------------------------------------
     0 | D:1      | ketsa the Gargoyle Monk began the quest for the Orb.
     0 | D:1      | Reached XP level 1. HP: 14/14 MP: 1/1
    89 | D:1      | Reached XP level 2. HP: 19/19 MP: 2/2
   506 | D:1      | Reached XP level 3. HP: 19/24 MP: 3/3
   670 | D:2      | Reached skill level 4 in Maces & Flails
   797 | D:2      | Reached XP level 4. HP: 29/29 MP: 4/4
   837 | D:2      | Identified the +6 spear "Piesoxe" {pain, rPois Int-2
                  | Stlth+}
  1107 | D:3      | Found a faded altar of an unknown god.
  1548 | D:3      | Reached XP level 5. HP: 34/34 MP: 5/5
  1972 | D:4      | Noticed a black bear
  2010 | D:4      | Reached skill level 5 in Maces & Flails
  2050 | D:4      | Noticed a black bear
  2082 | D:4      | Reached skill level 5 in Fighting
  2082 | D:4      | Reached XP level 6. HP: 34/40 MP: 6/6
  2230 | D:4      | Reached skill level 6 in Maces & Flails
  2292 | D:4      | Reached XP level 7. HP: 43/44 MP: 7/7
  2384 | D:4      | Reached skill level 7 in Maces & Flails
  2477 | D:4      | Found a shimmering blue altar of Sif Muna.
  2621 | D:5      | Entered Level 5 of the Dungeon
  2856 | D:5      | Reached XP level 8. HP: 36/52 MP: 8/8
  3017 | D:5      | Reached skill level 8 in Maces & Flails
  3456 | D:6      | Reached skill level 9 in Maces & Flails
  3535 | D:6      | Noticed Grinder
  3586 | D:6      | Found a staircase to the Ecumenical Temple.
  3607 | Temple   | Entered the Ecumenical Temple
  3789 | Temple   | Became a worshipper of Gozag Ym Sagoz the Greedy
  3850 | D:6      | Found Zin's Purification Station.
  3851 | D:6      | Found a glowing silver altar of Zin.
  3901 | D:6      | Reached XP level 9. HP: 39/59 MP: 9/9
  3935 | D:6      | Found a glowing drain.
  3944 | Sewer    | Entered a sewer
  4747 | D:6      | Noticed Maggie
  4835 | D:6      | Killed Grinder
  4836 | D:6      | Reached skill level 10 in Maces & Flails
  4979 | D:6      | Killed Maggie
  5002 | D:6      | You fall into a shaft and drop 1 floor!
  5233 | D:7      | Noticed Menkaure
  5237 | D:7      | Killed Menkaure
  5238 | D:7      | Reached skill level 1 in Armour
  5479 | D:7      | Noticed a troll
  5494 | D:7      | Killed a troll
  5755 | D:7      | Reached skill level 11 in Maces & Flails
  6212 | D:8      | Found a transporter.
  6217 | D:8      | Found a transporter.
  6218 | D:8      | Noticed an ancient zyme
  6233 | D:8      | Noticed Koushar's ghost (novice FeTm)
  6234 | D:8      | Found a one-way gate to the infinite horrors of the Abyss.
  6354 | D:8      | Reached XP level 10. HP: 56/66 MP: 10/10
  6730 | D:8      | Reached skill level 5 in Armour
  7066 | D:9      | Found a blossoming altar of Fedhas.
  7111 | D:9      | Found a sacrificial altar of Ru.
  7472 | D:9      | Found a bloodstained altar of Trog.
  7853 | D:9      | Found a staircase to the Orcish Mines.
  7948 | D:9      | Found a staircase to the Lair.
  7991 | Lair:1   | Entered Level 1 of the Lair of Beasts
  8005 | D:9      | Reached skill level 10 in Fighting
  8492 | D:10     | Entered Level 10 of the Dungeon
  8621 | D:10     | Noticed a brown ugly thing
  8651 | D:10     | Killed a brown ugly thing
  9028 | D:10     | Noticed a kobold demonologist
  9067 | D:10     | Noticed a rust devil
  9086 | D:10     | Killed a kobold demonologist
  9087 | D:10     | Reached skill level 12 in Maces & Flails
  9087 | D:10     | Reached XP level 11. HP: 69/73 MP: 11/11
  9412 | D:10     | Found a hazy altar of Hepliaklqana.
  9707 | D:10     | Noticed a two-headed ogre
  9959 | D:10     | Killed a two-headed ogre
  9960 | D:10     | Reached skill level 1 in Evocations
 10487 | D:11     | Noticed Snorg
 10509 | D:11     | Slain by Snorg

Illustrated notes

Levels and vault maps discovered:
D:1:      reono_arrival_mine, layout_rooms
D:2:      layout_rooms
D:3:      layout_loops_corners, hellmonk_ecumenical_altar_crossroads,
          minmay_misc_feat_nine_boxes, minmay_misc_feat_roman
D:4:      layout_rooms, led_sif_book, grunt_ministairs_12
D:5:      layout_loops_ring
D:6:      layout_basic, zin_purify, temple_statues,
          cheibrodos_sewer_entry_sluice, uniq_grinder, uniq_maggie
D:7:      layout_loops_cross, minmay_tree_intersection, uniq_menkaure
D:8:      layout_loops_corners, gammafunk_ghost_abyssal_escape
D:9:      layout_stronghold, nicolae_ru_path_of_blood, kennysheep_mini,
          mainiacjoe_overflow_concentric_impassable, lair_entry_dummy,
          erik_orc_4, library_closet
D:10:     layout_stronghold, nzn_hepliaklqana_mist_gate, enter_bailey_7,
          st_stairs_2
D:11:     layout_grid_maze, serial_ice, serial_ice_h, serial_ice_f,
          serial_ice_a, serial_ice_b, serial_ice_l, serial_ice_n, serial_ice_g,
          portal_ice_cave_rime, serial_shops, nicolae_shop_back_alley_shop,
          uniq_snorg
Temple:   regret_index_temple_sphere_string
Lair:1:   layout_gridlike

Skill      XL: |  1  2  3  4  5  6  7  8  9 10 11 |
---------------+----------------------------------+-----
Maces & Flails | 4 5 6 7 9 11 12 | 12.5
Fighting       | 4 5 6 7 9 10 | 10.8
Armour         | 4 7 8 |  8.7
Evocations     | 2 |  2.7
Dodging        | |  2.4

Action                     |  1- 3 |  4- 6 |  7- 9 | 10-12 || total
---------------------------+-------+-------+-------+-------++-------
  Melee: Mace              |    87 |    85 |   244 |       ||   416
         Flail             |       |       |    91 |   136 ||   227
         Whip              |       |       |       |   274 ||   274
  Throw: Dart              |       |       |     7 |     4 ||    11
    Use: Scroll            |       |     4 |     4 |     2 ||    10
         Potion            |       |       |       |     3 ||     3
   Stab: Distracted        |       |       |     3 |       ||     3
 Armour: Robe              |    33 |    32 |    99 |       ||   164
         Steam dragon scal |       |       |    16 |   133 ||   149
         Chain mail        |       |       |       |    67 ||    67
  Dodge: Dodged            |    57 |    65 |   227 |   212 ||   561

Table legend: (Time is in decaauts)
 A = Elapsed time spent in this place.
 B = Non-inter-level travel time spent in this place.
 C = Inter-level travel time spent in this place.
 D = Time resting spent in this place.
 E = Time spent auto-exploring this place.
 F = Levels seen in this place.
 G = Mean time per level.
                   A        B        C        D        E       F      G
               +--------+--------+--------+--------+--------+-----+--------+
         Total |  10364 |   9856 |    508 |    719 |   4625 |  14 |  740.3 |
       Dungeon |   9599 |   9106 |    493 |    716 |   4434 |  11 |  872.6 |
        Temple |    198 |    183 |     15 |      0 |    125 |   1 |  198.0 |
          Lair |      8 |      8 |      0 |      0 |      0 |   1 |    8.0 |
         Sewer |    556 |    556 |      0 |      3 |     66 |   1 |  556.0 |
               +--------+--------+--------+--------+--------+-----+--------+

Top non-repeatable levels by time:
    D:10: 1595 daAuts
     D:9: 1187 daAuts
     D:6: 1174 daAuts
     D:8: 1118 daAuts
     D:3: 934 daAuts
     D:7: 777 daAuts
     D:5: 755 daAuts
     D:4: 646 daAuts
     D:1: 597 daAuts
   Sewer: 556 daAuts
     D:2: 523 daAuts
    D:11: 288 daAuts
  Temple: 198 daAuts
  Lair:1: 8 daAuts
